 Dungeon Crawl Stone Soup version 0.22.1-1-ga44c0e56f4 (webtiles) character file.

423 AlolanVulpixel the Sneak (level 6, -4/42 HPs)
             Began as an Octopode Fighter on Sept 19, 2018.
             Slain by an ogre
             ... wielding a +0 giant club
              (8 damage)
             ... on level 4 of the Dungeon.
             The game lasted 00:07:07 (3410 turns).

AlolanVulpixel the Sneak (Octopode Fighter)         Turns: 3410, Time: 00:07:07

Health: -4/42      AC:  1    Str: 18    XL:     6   Next: 95%
Magic:  7/7        EV: 12    Int: 10    God:
Gold:   83         SH: 10    Dex: 11    Spells: 4/6 levels left

rFire    . . .     SeeInvis +   a - +0 long sword
rCold    . . .     Gourm    .   b - +1 shield
rNeg     . . .     Faith    .   (helmet restricted)
rPois    .         Spirit   .   (no amulet)
rElec    .         Reflect  .   (no ring)
rCorr    .         Harm     .   (no ring)
MR       .....                  (no ring)
Stlth    +++.......             (no ring)
HPRegen  0.14/turn              (no ring)
MPRegen  0.10/turn              (no ring)
                                (no ring)
                                (no ring)

@: no status effects
A: almost no armour, stealthy swim, amphibious, 8 rings, constrict 8, fangs 1,
camouflage 1, see invisible, gelatinous body 1
a: no special abilities


You were on level 4 of the Dungeon.
You were not hungry.

You visited 1 branch of the dungeon, and saw 4 of its levels.

You collected 83 gold pieces.

Inventory:

Hand Weapons
 a - a +0 long sword (weapon)
Armour
 b - a +1 shield (worn)
Wands
 f - a wand of random effects (22)
Scrolls
 g - a scroll of amnesia
 h - a scroll of identify
 i - a scroll of remove curse
 j - a scroll of teleportation
 k - a scroll of random uselessness
 l - a scroll of blinking {unknown}
Potions
 c - a potion of might
 e - a potion of mutation
Comestibles
 d - 7 rations


   Skills:
 + Level 3.6 Fighting
 + Level 4.3 Long Blades
 + Level 3.9 Dodging
 + Level 4.4 Stealth
 + Level 4.0 Shields
 + Level 0.8 Spellcasting
 + Level 0.4 Summonings


You had 4 spell levels left.
You knew the following spells:

 Your Spells              Type           Power        Failure   Level  Hunger
a - Animate Skeleton      Necr           N/A          82%         1    ##.....
b - Summon Small Mammal   Summ           #...         75%         1    ##.....

Your spell library contained the following spells:

 Spells                   Type           Power        Failure   Level  Hunger
 Apportation              Tloc           #.....       82%         1    ##.....
 Confusing Touch          Hex            #.....       82%         1    ##.....


Dungeon Overview and Level Annotations

Branches:
Dungeon (4/15)
 Temple: D:4-7

Altars:
Gozag
Ru


Innate Abilities, Weirdness & Mutations

You cannot wear most types of armour.
You are very stealthy in the water. (Stealth+)
You are amphibious.
You can wear up to eight rings at the same time.
You can use your tentacles to constrict eight enemies at once.
Your skin changes colour to match your surroundings (Stealth+).
Your rubbery body absorbs attacks. (AC +1, EV +1)
You have very sharp teeth.
You have supernaturally acute eyesight. (SInv)


Message History

You hit the ogre but do no damage. You bite the ogre.
The ogre is lightly wounded.
The ogre hits you with a giant club!!
Ouch! That really hurt!
* * * LOW HITPOINT WARNING * * *
You are too injured to fight recklessly!
You are too injured to fight recklessly!
You are too injured to fight recklessly!
You are too injured to fight recklessly!
You slash the ogre! Your squeeze misses the ogre.
The ogre is moderately wounded.
The ogre hits you with a giant club!
* * * LOW HITPOINT WARNING * * *
You hit the ogre.
The ogre is heavily wounded.
You block the ogre's attack.
You hit the ogre but do no damage.
The ogre is heavily wounded.
The ogre hits you with a giant club!
You die...

.....#...##..##...###
##..##..............#
##..##.....)))......#
....##...###)###...##
....##...###.###+####
....##.........'....#
######.........#....#
...............#....#
....##..####<.##@...#
....##..####..##O...#
....##........#.....#
..............#.....#
..!...........#.....#
....##..##....#....(#
....##..##....#....)#
..............#.....#
....##........+


You could see an ogre.

Vanquished Creatures
  Edmund (D:4)
  A hound (D:4)
  A jelly (D:4)
  An orc wizard (D:4)
  Jessica (D:2)
  Terence (D:2)
  A gnoll shaman (D:4)
  2 adders
  4 gnolls (D:4)
  An adder skeleton (D:4)
  A worm (D:2)
  2 dart slugs
  2 leopard geckos
  4 orcs
  A giant cockroach (D:1)
  7 goblins
  3 hobgoblins (D:1)
  6 jackals
  12 bats
  10 frilled lizards
  11 kobolds
  7 rats
80 creatures vanquished.

Notes
Turn   | Place    | Note
-------+----------+-------------------------------------------
     0 | D:1      | AlolanVulpixel the Octopode Fighter began the quest for the
                  | Orb.
     0 | D:1      | Reached XP level 1. HP: 16/16 MP: 1/1
   234 | D:1      | Reached XP level 2. HP: 5/21 MP: 2/2
   908 | D:1      | Reached XP level 3. HP: 26/26 MP: 3/3
  1517 | D:2      | Reached skill level 1 in Stealth
  1560 | D:2      | Noticed Jessica
  1563 | D:2      | Learned a level 1 spell: Animate Skeleton
  1565 | D:2      | Learned a level 1 spell: Summon Small Mammal
  1573 | D:2      | Gained mutation: You have supernaturally acute eyesight.
                  | (SInv) [potion of mutation]
  1573 | D:2      | Gained mutation: You have very sharp teeth. [potion of
                  | mutation]
  1581 | D:2      | Killed Jessica
  1581 | D:2      | Reached XP level 4. HP: 31/31 MP: 4/4
  1667 | D:2      | Noticed Terence
  1676 | D:2      | Killed Terence
  2062 | D:2      | Reached XP level 5. HP: 36/36 MP: 5/5
  2794 | D:3      | Found a sacrificial altar of Ru.
  2903 | D:4      | Noticed Edmund
  2921 | D:4      | Killed Edmund
  2921 | D:4      | Reached XP level 6. HP: 35/42 MP: 4/6
  3026 | D:4      | Found an opulent altar of Gozag.
  3091 | D:4      | HP: 1/42 [gnoll/spear (6)]
  3410 | D:4      | Slain by an ogre

Skill      XL: |  1  2  3  4  5  6 |
---------------+-------------------+-----
Stealth        | 1 2 3 4 |  4.4
Long Blades    | 3 4 |  4.3
Shields        | 4 |  4.0
Fighting       | |  3.6
Dodging        | |  3.9
Spellcasting   | |  0.8
Summonings     | |  0.4

Action                   |  1- 3 |  4- 6 || total
-------------------------+-------+-------++-------
Melee: Long sword        |    67 |    83 ||   150
       Constrict         |    19 |    25 ||    44
       Tentacles         |     9 |    23 ||    32
       Bite              |       |    16 ||    16
 Cast: Summon Small Mamm |       |     3 ||     3
  Use: Potion            |     3 |     2 ||     5
       Scroll            |       |     7 ||     7
 Stab: Sleeping          |     6 |     9 ||    15
  Eat: Chunk             |     2 |       ||     2
       Ration            |       |     2 ||     2
Armor: Skin              |    18 |     5 ||    23
Dodge: Dodged            |    28 |    40 ||    68
Block: Shield            |    33 |    42 ||    75
       Rpst.: Long sword |     8 |     9 ||    17
